 Dungeon Crawl Stone Soup version 0.26-a0-649-gf8c6c3aab7 (webtiles) character file.

Game seed: 4783209280719373496

1415 djmy96 the Covert (level 8, -1/41 HPs)
             Began as a Spriggan Brigand on Sept 27, 2020.
             Was a Follower of the Shining One.
             Splashed by Maurice's acid (6 damage)
             ... on level 8 of the Dungeon.
             The game lasted 00:13:00 (8862 turns).

djmy96 the Covert (Spriggan Brigand)                Turns: 8862, Time: 00:13:01

Health: -1/41      AC:  4    Str:  9    XL:     8   Next: 43%
Magic:  9/9        EV: 24    Int: 13    God:    the Shining One [*.....]
Gold:   229        SH:  0    Dex: 25    Spells: 7/7 levels left

rFire    . . .     SeeInvis +   G - +0 rapier (venom)
rCold    . . .     Faith    .   (shield restricted)
rNeg     . . .     Spirit   .   g - +2 robe {MR+}
rPois    .         Reflect  .   (helmet restricted)
rElec    .         Harm     .   x - scarf {repulsion}
rCorr    +         Rampage  .   (gloves unavailable)
MR       +++..                  (boots unavailable)
Stlth    ++........             (no amulet)
HPRegen  0.13/turn              h - ring of resist corrosion
MPRegen  0.11/turn              y - +6 ring of dexterity

@: glowing, repel missiles, very quick
A: very small, unfitting armour, see invisible, speed 3, magic resistance 1,
strong 1
a: Renounce Religion


You were on level 8 of the Dungeon.
You worshipped the Shining One.
The Shining One was aware of your devotion.
You visited 2 branches of the dungeon, and saw 9 of its levels.

You collected 361 gold pieces.
You spent 132 gold pieces at shops.

Inventory:

Hand Weapons
 a - a +2 dagger
 G - a +0 rapier of venom (weapon)
Missiles
 d - 15 poisoned darts (quivered)
 e - 2 curare-tipped darts
Armour
 g - a +2 robe of magic resistance (worn)
 x - a scarf of repulsion (worn)
Jewellery
 h - a ring of resist corrosion (left hand)
 y - a +6 ring of dexterity (right hand)
Wands
 o - a wand of random effects (15)
 z - a wand of iceblast (5)
 E - a wand of flame (15)
Scrolls
 i - 7 scrolls of identify {unknown}
 k - 3 scrolls of teleportation {unknown}
 l - a scroll of blinking {unknown}
 n - a scroll of immolation {unknown}
 p - 4 scrolls of remove curse {unknown}
 q - 3 scrolls of magic mapping {unknown}
 r - 2 scrolls of fear {unknown}
 s - 2 scrolls of enchant armour {unknown}
 v - 2 scrolls of noise {unknown}
 H - a scroll of fog {unknown}
Potions
 b - a potion of ambrosia {unknown}
 f - a potion of resistance {unknown}
 j - a potion of might {unknown}
 m - 3 potions of degeneration {unknown}
 u - 2 potions of heal wounds {unknown}
 w - a potion of curing
 A - a potion of berserk rage {unknown}
 B - 2 potions of lignification {unknown}
 C - a potion of brilliance {unknown}
 D - a potion of haste {unknown}
 F - a potion of magic {unknown}
 I - a potion of mutation


   Skills:
 + Level 3.6 Fighting
 + Level 7.1 Short Blades
 + Level 3.2 Throwing
 + Level 6.5 Dodging
 + Level 9.9 Stealth
 + Level 0.1 Evocations


You had 7 spell levels left.
You didn't know any spells.
Your spell library contained the following spells:

 Spells                   Type           Power        Failure   Level
 Magic Dart               Conj           #...         30%         1
 Searing Ray              Conj           #.....       43%         2
 Dazzling Flash           Conj/Hex       #.....       67%         3
 Fulminant Prism          Conj/Hex       #.........   97%         4
 Iskenderun's Mystic Bla  Conj/Tloc      #.......     97%         4


Dungeon Overview and Level Annotations

Branches:
Dungeon (8/15)             Temple (1/1) D:5
   Lair: D:8-11

Altars:
Ashenzari
Cheibriados
Dithmenos
Elyvilon
Fedhas
Gozag
Hepliaklqana
Kikubaaqudgha
Makhleb
Nemelex Xobeh
Qazlal
Ru
Sif Muna
Uskayaw
Vehumet
Wu Jian
Xom
Yredelemnul
Zin
The Shining One

Shops:
D:7 !

Annotations:
D:4 2 transporters, oldriver's ghost, amateur TrWz
D:6 Menkaure
D:8 Maurice


Innate Abilities, Weirdness & Mutations

You are very small and have problems with some larger weapons.
You are too small for most types of armour.
You have supernaturally acute eyesight. (SInv)
You cover ground extremely quickly.
You are resistant to hostile enchantments. (MR+)
Your muscles are strong. (Str +2)


Message History

Your movement speed is very quick.
Your attack speed is above average.
Your base attributes are Str 7, Int 13, Dex 19.
Unknown command.
There is a stone staircase leading up here.
You feel better.
Okay, then.
Maurice zaps a wand.
The bolt of acid misses you.
Maurice gestures wildly while chanting.
Maurice puts on a burst of speed!
You barely miss Maurice. You barely miss Maurice.
Maurice completely misses you.
You hit Maurice but do no damage.
Maurice is poisoned.
Maurice gestures wildly while chanting.
Maurice flickers and vanishes for a moment.
You hit Maurice.
Maurice looks as sick as possible!
Maurice is lightly wounded.
Maurice zaps a wand.
The bolt of acid hits you! You resist.
* * * LOW HITPOINT WARNING * * *
You are splashed with acid.
You resist.
You die...

.........
#......# #@#
#.# #@#####
#.Z...# #
#####.## #
#.####@.>###..#
#..<.@....†...#
######...###.##
##.)....
######.#


You could see Maurice (swift, invisible, extremely poisoned).

Vanquished Creatures
  Edmund (D:4)
  A necrophage (D:7)
  A sky beast (D:7)
  An ice beast (D:7)
  An ogre (D:4)
  A big kobold (D:7)
  4 bullfrogs
  A water moccasin skeleton (D:6)
  A scorpion (D:6)
  5 jellies
  A hound (D:6)
  5 worker ants
  A hound skeleton (D:6)
  A howler monkey skeleton (D:5)
  3 gnolls (D:2)
  4 adders
  3 shadow imps
  A white imp (D:5)
  An adder skeleton (D:4)
  An adder zombie (D:7)
  3 worms
  3 dart slugs (D:1)
  6 leopard geckos
  2 orcs
  3 ball pythons
  5 bats
  7 giant cockroaches
  10 goblins
  5 hobgoblins
  2 jackals (D:6)
  18 kobolds
  5 quokkas
  3 frilled lizards
  A leopard gecko skeleton (D:6)
  11 rats
122 creatures vanquished.

Vanquished Creatures (others)
  An adder (D:8)
1 creature vanquished.

Grand Total: 123 creatures vanquished

Notes
Turn   | Place    | Note
-------+----------+-------------------------------------------
     0 | D:1      | djmy96 the Spriggan Brigand began the quest for the Orb.
     0 | D:1      | Reached XP level 1. HP: 10/10 MP: 2/2
    88 | D:1      | Reached skill level 6 in Stealth
   120 | D:1      | Reached XP level 2. HP: 15/15 MP: 3/3
   517 | D:1      | Reached XP level 3. HP: 10/18 MP: 4/4
  1034 | D:1      | Reached skill level 7 in Stealth
  1312 | D:2      | Noticed an ice beast
  1751 | D:2      | Found a blossoming altar of Fedhas.
  1962 | D:2      | Reached XP level 4. HP: 23/23 MP: 5/5
  2764 | D:3      | Found a shadowy altar of Dithmenos.
  3199 | D:4      | Found a transporter.
  3199 | D:4      | Noticed oldriver's ghost (amateur TrWz)
  3211 | D:4      | Noticed a bullfrog
  3218 | D:4      | Killed a bullfrog
  3218 | D:4      | Reached XP level 5. HP: 26/26 MP: 6/6
  3283 | D:4      | Reached skill level 8 in Stealth
  3582 | D:4      | Found a transporter.
  3590 | D:4      | Noticed an ogre
  3864 | D:4      | Killed an ogre
  3864 | D:4      | Reached XP level 6. HP: 30/30 MP: 7/7
  4018 | D:4      | Noticed Edmund
  4023 | D:4      | Killed Edmund
  4252 | D:5      | Entered Level 5 of the Dungeon
  4282 | D:5      | Found a staircase to the Ecumenical Temple.
  4294 | Temple   | Entered the Ecumenical Temple
  4500 | Temple   | Became a worshipper of the Shining One
  4938 | D:5      | Reached skill level 9 in Stealth
  5221 | D:5      | Noticed an ice beast
  6026 | D:6      | Reached skill level 5 in Short Blades
  6026 | D:6      | Reached XP level 7. HP: 10/35 MP: 8/8
  7380 | D:6      | Noticed Menkaure
  7380 | D:6      | Reached * piety under the Shining One
  7695 | D:7      | Reached skill level 5 in Dodging
  7791 | D:7      | Found Farek's Distillery.
  7799 | D:7      | Bought a potion of curing for 36 gold pieces
  7799 | D:7      | Bought a potion of mutation for 96 gold pieces
  7799 | D:7      | Gained mutation: You are resistant to hostile enchantments.
                  | (MR+) [potion of mutation]
  7799 | D:7      | Gained mutation: Your muscles are strong. (Str +2) [potion
                  | of mutation]
  7853 | D:7      | Found a hazy altar of Hepliaklqana.
  7854 | D:7      | Found a shimmering altar of Xom.
  7855 | D:7      | Noticed a spectral ugly thing
  8227 | D:7      | Reached XP level 8. HP: 34/40 MP: 9/9
  8728 | D:7      | Found a glowing silver altar of Zin.
  8728 | D:7      | Found a broken altar of Ashenzari.
  8728 | D:7      | Found a sacrificial altar of Ru.
  8741 | D:7      | Found a hide-covered altar of Uskayaw.
  8741 | D:7      | Found a shadowy altar of Dithmenos.
  8831 | D:8      | Noticed Maurice
  8862 | D:8      | Splashed by Maurice's acid

Illustrated notes

Levels and vault maps discovered:
D:1:      erik_arrival_cave_to_civilisation [erik_arrival_cave_to_hall],
          layout_loops_ring, minmay_misc_feat_nine_boxes
D:2:      layout_basic, lemuel_doored_altar, grunt_ministairs_15
D:3:      layout_loops_cross, nicolae_dithmenos_shadow_blocks
D:4:      layout_basic, gammafunk_ghost_arena, uniq_edmund
D:5:      layout_basic, temple_pool_b
D:6:      layout_loops_ring, uniq_menkaure
D:7:      layout_loops_ring, regret_index_temple_of_mockery,
          minmay_overflow_temple_star_hex, serial_shops, shop
D:8:      layout_loops_ring, nicolae_ossuary_entry_catacombs, basic_altar,
          uniq_maurice, uniq_harold
Temple:   minmay_temple_bridge_abc

Skill      XL: |  1  2  3  4  5  6  7  8 |
---------------+-------------------------+-----
Stealth        | 6 7 8 9 |  9.9
Dodging        | 2 3 5 6 |  6.5
Short Blades   | 3 4 5 6 7 |  7.1
Fighting       | 2 3 |  3.6
Throwing       | 3 |  3.2
Evocations     | |  0.1

Action                   |  1- 3 |  4- 6 |  7- 9 || total
-------------------------+-------+-------+-------++-------
Melee: Dagger            |   151 |   183 |   261 ||   595
       Rapier            |       |       |    64 ||    64
Throw: Dart              |       |    19 |       ||    19
       Throwing net      |       |       |     2 ||     2
Evoke: Wand              |       |       |     1 ||     1
  Use: Potion            |       |       |     2 ||     2
 Stab: Sleeping          |    16 |    11 |       ||    27
       Distracted        |     1 |       |       ||     1
Armor: Robe              |    17 |    24 |    31 ||    72
Dodge: Dodged            |   101 |    96 |   200 ||   397
       Repelled          |       |     1 |     2 ||     3

Table legend: (Time is in decaauts)
 A = Elapsed time spent in this place.
 B = Non-inter-level travel time spent in this place.
 C = Inter-level travel time spent in this place.
 D = Time resting spent in this place.
 E = Time spent auto-exploring this place.
 F = Levels seen in this place.
 G = Mean time per level.
                   A        B        C        D        E       F      G
               +--------+--------+--------+--------+--------+-----+--------+
         Total |   6843 |   6714 |    129 |    317 |   5161 |   9 |  760.3 |
       Dungeon |   6670 |   6553 |    117 |    317 |   5068 |   8 |  833.8 |
        Temple |    172 |    160 |     12 |      0 |     93 |   1 |  172.0 |
               +--------+--------+--------+--------+--------+-----+--------+

Top non-repeatable levels by time:
     D:6: 1353 daAuts
     D:5: 1166 daAuts
     D:7: 881 daAuts
     D:1: 869 daAuts
     D:2: 841 daAuts
     D:3: 777 daAuts
     D:4: 744 daAuts
  Temple: 172 daAuts
     D:8: 36 daAuts
